Leicester, chaotic male elven Priest ----------------------------------------- ---- |.......................................- ---- |..| ---.-..--------...----------.-....------... --..--- |..| |...... .....--... --|.....------.-- ---.|....- ............|.|.......||...| |...|...... ^ ......................--.--- ---- ---.--|.........-......--...-...-----....^--..................--- --..----...---..[)...)))...................................%...........| |...%...........).)..%%..........>..........................)..........| |.-----.|..|.......----- --...-------.--..........--- ---.| --|..|--....-- ---.-----...||.......---- |...| ---- |....| --....|-...^| -.--...| --.(| --- ---...-- |.....|.....| ------.------- ---..| --I-- --.....| |...........| |...||..| |...-- |..^I........| --..|.......| ---.--..| |.<.| --..I........| --.|.--..--- --.....-- --..| ----....*...| |..^|--- |.......| ---- -.....--- |.--- --.|...-- -..--- --- ----..| -- ---- Leicester the Acolyte Experience level: 5 Strength: 15 Dexterity: 18 Constitution: 12 Intelligence: 9 Wisdom: 16 Charisma: 10 Health: 0(41) Energy: 42(55) Def: 4 Gold: 0 Moves: 2500 Dungeon seed: 14DyNuOyo3Iqe74q Game ID: Leicester_1615320928 Your Inventory: Amulets L - a cursed amulet versus poison (being worn) Weapons a - a blessed +1 mace (weapon in hand) m - 7 +0 ya s - a blessed +0 knife J - a +2 arrow M - a +0 elven bow (alternate weapon; not wielded) T - 11 blessed +1 arrows (in quiver) Armor e - a +0 robe (being worn) n - a burnt +0 small shield (being worn) q - a +0 pair of iron shoes (being worn) Comestibles c - 2 cloves of garlic d - 2 sprigs of wolfsbane Rings A - a +1 ring of gain constitution (on left hand) Tools x - a sack S - a tooled horn Contents of the sack: 878 gold pieces a cursed amulet of change 3 food rations a fortune cookie a lembas wafer 2 scrolls of blank paper a cursed scroll of charging a spellbook of create monster a cursed spellbook of detect monsters a spellbook of healing a spellbook of light a spellbook of magic mapping 6 potions of holy water a leash a chrysoberyl stone a cursed jet stone a cursed opal Spells and supernatural/magical abilities: Name Level Category Fail Memory h - healing 1 healing 0% 88% l - light 1 divination 0% 88% W - pray for help -- divine ? -- X - turn undead -- divine ? -- Your skills at the end: Fighting Skills Weapon Skills mace [Basic] Spellcasting Skills clerical spells [Basic] Final Attributes: You were piously aligned. You were sleep resistant. You were poison resistant. You were blinded. You had infravision. You are dead. Vanquished creatures: a ghost a rock piercer 2 gnome lords a paper golem a little dog 2 kittens a dwarf a giant bat 4 iguanas 2 acid blobs a large kobold 3 giant rats a brown mold a green mold a red mold 5 gnomes a gecko 12 jackals a fox 4 sewer rats 3 grid bugs 2 bats 4 lichens 7 newts 62 creatures vanquished. Voluntary challenges: You had been an atheist until turn 2056. You used a wielded weapon 77 times, starting on turn 72. You read items or engraved 4 times, starting on turn 104. You never genocided any monsters. You never polymorphed an object. You never changed form. You used no wishes. You never split a pudding. You never wrote Elbereth's name. You never violated your personal moral code. Dungeon overview: The Dungeons of Doom: levels 1 to 4 Level 1 some fountains, a sink a long staircase Level 2 a fountain Level 3 a fountain Level 4 a general store stairs to The Gnomish Mines The Gnomish Mines: Level 5 <- You were here stairs to The Dungeons of Doom History has recorded: On T:1 you entered the Dungeons of Doom to retrieve the Amulet of Yendor! On T:370 you reached level 2 of The Dungeons of Doom. On T:491 you advanced to experience level 2. On T:629 you reached level 3 of The Dungeons of Doom. On T:1110 you advanced to experience level 3. On T:1126 you reached level 4 of The Dungeons of Doom. On T:1866 you advanced to experience level 4. On T:2009 you reached level 1 of The Gnomish Mines. On T:2072 you advanced to experience level 5. Score breakdown: Gold: 878 (10014 points) Experience: 5 levels (11141 points) Exploration: 5 levels ( 10.20%) ( 8660 points) Discoveries: 12 items ( 4.20%) ( 6145 points) Valuables value: (no points given unless you survive) Artifact value: 0 ( 0 points) Variety of kills: 24 monsters ( 6.30%) ( 7529 points) Turncount: 2500 turns ( -330 points) Survival: died (score multiplied by 80%) Total score: 34527 Latest messages: You put a cursed circular amulet into the bag. A lit field surrounds you! You are momentarily blinded by a flash of light! It bites! Wait! There's something there you can't see! It bites! (3x) Use the 'moveonly' command to move into a remembered wall. Wait! There's something there you can't see! It just misses! It bites! (3x) You hit it. It bites! You hit it. It bites! (3x) You kill it! It bites! (2x) It bumps right into you! It just misses! It bites! You die... Final status: Goodbye Leicester the Priest, killed by a giant ant... You died in The Gnomish Mines on dungeon level 5 with 34527 points, and 878 pieces of gold, after 2500 moves. You were level 5 with a maximum of 41 hit points when you died.